 Dungeon Crawl Stone Soup version 0.26-a0-812-g31a745ddcd (webtiles) character file.

Game seed: 14855008038093128588

24 Lanoc the Vexing (level 3, -5/35 HPs)
             Began as an Ogre Enchanter on Nov 21, 2020.
             Slain by a worm (10 damage)
             ... on level 2 of the Dungeon.
             The game lasted 00:01:13 (965 turns).

Lanoc the Vexing (Ogre Enchanter)                    Turns: 965, Time: 00:01:14

Health: -5/35      AC:  3    Str: 12    XL:     3   Next: 2%
Magic:  6/6        EV: 10    Int: 16    God:
Gold:   55         SH:  0    Dex: 10    Spells: 5/6 levels left

rFire    + . .     SeeInvis .   a - +1 dagger
rCold    . . .     Faith    .   (no shield)
rNeg     + . .     Spirit   .   b - +0 robe
rPois    .         Reflect  .   (helmet restricted)
rElec    .         Harm     .   (no cloak)
rCorr    .         Rampage  .   (gloves unavailable)
MR       .....                  (boots unavailable)
Stlth    ++........             (no amulet)
HPRegen  0.11/turn              e - ring of protection from fire
MPRegen  0.10/turn              f - ring of positive energy

@: no status effects
A: large, unfitting armour, tough skin 1
a: no special abilities


You were on level 2 of the Dungeon.
You visited 1 branch of the dungeon, and saw 2 of its levels.

You collected 55 gold pieces.

Inventory:

Hand Weapons
 a - a +1 dagger (weapon)
Armour
 b - a +0 robe (worn)
Jewellery
 e - a ring of protection from fire (left hand)
 f - a ring of positive energy (right hand)
Scrolls
 c - a scroll of teleportation {unknown}
Potions
 d - 3 potions of degeneration {unknown}


   Skills:
 + Level 2.3 Fighting
 - Level 0.8 Short Blades
 + Level 2.4 Dodging
 - Level 2.1 Stealth
 - Level 2.4 Spellcasting
 - Level 2.6 Hexes


You had 5 spell levels left.
You knew the following spells:

 Your Spells              Type           Power        Failure   Level
a - Corona                Hex            ##.....      7%          1

Your spell library contained the following spells:

 Spells                   Type           Power        Failure   Level
 Ensorcelled Hibernation  Hex/Ice        #.....       17%         2
 Confusing Touch          Hex            ##......     21%         3
 Tukima's Dance           Hex            ##......     21%         3
 Dazzling Flash           Conj/Hex       #.....       34%         3


Dungeon Overview and Level Annotations

Branches:
Dungeon (2/15)

Altars:
Trog


Innate Abilities, Weirdness & Mutations

You are too large for most types of armour.
You have tough skin. (AC +1)


Message History

You barely miss the worm.
The worm is heavily wounded.
The worm bites you but does no damage.
You hit the worm.
The worm is heavily wounded.
You completely miss the worm.
The worm is heavily wounded.
The worm bites you.
You hit the worm.
The worm is severely wounded.
You hit the worm.
The worm is almost dead.
The worm bites you!
* * * LOW HITPOINT WARNING * * *
You hit the worm.
The worm is almost dead.
You hit the worm.
The worm is almost dead.
The worm bites you!
You die...

....
....
#...
...
#..
#.#
#.####
#w@.#
#.##.#
#.#
#.#
#..
#.#
..#
#.#
##.
#.###
#
#...#
###.#
#.#


You could see a worm.

Vanquished Creatures
  A dart slug (D:1)
  2 leopard geckos (D:1)
  4 goblins
  A hobgoblin (D:1)
  A jackal (D:2)
  A quokka (D:2)
  A bat (D:1)
  2 frilled lizards
  4 kobolds
  4 rats (D:1)
21 creatures vanquished.

Notes
Turn   | Place    | Note
-------+----------+-------------------------------------------
     0 | D:1      | Lanoc the Ogre Enchanter began the quest for the Orb.
     0 | D:1      | Reached XP level 1. HP: 16/16 MP: 3/3
    88 | D:1      | Reached skill level 1 in Fighting
   352 | D:1      | Reached XP level 2. HP: 27/27 MP: 5/5
   740 | D:2      | Found a bloodstained altar of Trog.
   950 | D:2      | Reached XP level 3. HP: 31/35 MP: 6/6
   965 | D:2      | Slain by a worm

Illustrated notes

Levels and vault maps discovered:
D:1:      sevenhm_arrival_forest_fort_large_1, layout_basic
D:2:      minmay_angry_zag, layout_loops_ring, nicolae_tso_swordbearing_angel,
          nicolae_overflow_crystal_walls, chequers_ecumenical_altar_simple

Skill      XL: |  1  2 |
---------------+-------+-----
Fighting       | 1 2 |  2.3
Dodging        | 2 |  2.4
Short Blades   | |  0.8
Stealth        | |  2.1
Spellcasting   | |  2.4
Hexes          | |  2.6

Action                   || total
-------------------------++-------
Melee: Dagger            ||    89
 Stab: Sleeping          ||     4
Armor: Robe              ||     7
Dodge: Dodged            ||    38

Table legend: (Time is in decaauts)
 A = Elapsed time spent in this place.
 B = Non-inter-level travel time spent in this place.
 C = Inter-level travel time spent in this place.
 D = Time resting spent in this place.
 E = Time spent auto-exploring this place.
 F = Levels seen in this place.
 G = Mean time per level.
                   A        B        C        D        E       F      G
               +--------+--------+--------+--------+--------+-----+--------+
         Total |    960 |    936 |     24 |      0 |    756 |   2 |  480.0 |
       Dungeon |    960 |    936 |     24 |      0 |    756 |   2 |  480.0 |
               +--------+--------+--------+--------+--------+-----+--------+

Top non-repeatable levels by time:
     D:1: 723 daAuts
     D:2: 237 daAuts
